 Dungeon Crawl Stone Soup version 0.19-b1-5-gdc9fa9d (webtiles) character file.

89 Kullungy the Shield-Bearer (level 4, 0/40 HPs)
             Began as a Minotaur Fighter on Oct 31, 2016.
             Succumbed to a kobold's poison
             ... on level 3 of the Dungeon.
             The game lasted 00:08:53 (2135 turns).

Kullungy the Shield-Bearer (Minotaur Fighter)       Turns: 2135, Time: 00:08:54

Health: 0/40       AC:  7    Str: 26    XL:     4   Next: 31%
Magic:  3/3        EV:  8    Int:  5    God:
Gold:   209        SH: 10    Dex: 10    Spells: 0 memorised, 3 levels left

rFire  . . .     SeeInvis .     a - +0 war axe
rCold  . . .     Gourm    .     b - +0 scale mail
rNeg   . . .     Faith    .     c - +0 shield
rPois  .         Spirit   .     (helmet restricted)
rElec  .         Reflect  .     (no cloak)
rCorr  .         Harm     .     (no gloves)
MR     .....                    (no boots)
Stlth  ..........               (no amulet)
                                (no ring)
                                p - ring of wizardry

@: mighty, lethally poisoned (0 -> -8)
A: retaliatory headbutt, horns 2
a: no special abilities


You were on level 3 of the Dungeon.
You were full.

You visited 1 branch of the dungeon, and saw 3 of its levels.

You collected 209 gold pieces.

Inventory:

Hand Weapons
 a - a +0 war axe (weapon)
 g - a +0 short sword
 h - a +0 whip
 o - a +0 short sword
 u - a +0 dagger
 w - a +0 dagger
 y - a +0 dagger
Missiles
 i - 57 stones (quivered)
 q - 23 bolts
 s - 8 needles of confusion
 v - 8 poisoned needles
Armour
 b - a +0 scale mail (worn)
 c - a +0 shield (worn)
 e - a +0 leather armour
 n - a +0 robe
 r - a cursed +0 ring mail
 z - a +0 ring mail
Jewellery
 p - a ring of wizardry (left hand)
Scrolls
 f - a scroll of random uselessness {unknown}
Potions
 d - 3 potions of might
 k - a potion of haste {unknown}
 m - a potion of ambrosia {unknown}
 x - 2 potions of degeneration {unknown}
Comestibles
 j - a bread ration
 l - a meat ration


   Skills:
 + Level 4.1 Fighting
 + Level 3.6 Axes
 + Level 4.2 Armour
 + Level 0.7 Dodging
 + Level 4.6 Shields


You had 3 spell levels left.
You didn't know any spells.

Dungeon Overview and Level Annotations

Branches:
Dungeon (3/15)

Altars:


Innate Abilities, Weirdness & Mutations

You reflexively headbutt those who attack you in melee.
You have a pair of horns on your head.


Message History

You block the poisoned needle.
You continue eating.
* * * LOW HITPOINT WARNING * * *
You feel sick. You block the gnoll's attack.
The kobold shoots a poisoned needle.
The poisoned needle hits you!
You are more poisoned.
You continue eating.
* * * LOW HITPOINT WARNING * * *
You feel sick. The gnoll hits you but does no damage.
The kobold shoots a poisoned needle.
The poisoned needle completely misses you.
You finish eating.
That meat ration really hit the spot!
* * * LOW HITPOINT WARNING * * *
You feel sick. The gnoll barely misses you.
The kobold unwields an uncursed blowgun.
The kobold barely misses you.
You slash the gnoll!
You kill the gnoll!
You closely miss the kobold.
You die...

.# ##. #.. #.######## ###
#.... ..# .... ##..# #.#
..... #######
#...#####)##...... ......#
#......(@)........
#...#.###...#####K##......
.........##.# #.# .....
#...#.##.##... ..# ....
..........######### ###
#####.###.# #.# .# #.###.#
##.....##


You could see a kobold.

Vanquished Creatures
  3 gnolls (D:3)
  An adder (D:2)
  A worm (D:3)
  A dart slug (D:1)
  A leopard gecko (D:2)
  4 bats
  2 giant cockroaches
  2 goblins
  2 hobgoblins (D:1)
  8 jackals (D:2)
  2 ball pythons
  8 frilled lizards (D:1)
  6 kobolds
  5 rats
  16 fungi (D:1)
62 creatures vanquished.

Notes
Turn   | Place    | Note
-------+----------+-------------------------------------------
     0 | D:1      | Kullungy the Minotaur Fighter began the quest for the Orb.
     0 | D:1      | Reached XP level 1. HP: 19/19 MP: 0/0
   119 | D:1      | Reached XP level 2. HP: 15/27 MP: 1/1
  1034 | D:2      | Reached XP level 3. HP: 31/33 MP: 2/2
  2126 | D:3      | Reached XP level 4. HP: 6/40 MP: 3/3
  2133 | D:3      | HP: 2/40 [poisoned by a kobold]
  2135 | D:3      | Succumbed to a kobold's poison

Skill      XL: |  1  2  3 |
---------------+----------+-----
Armour         | 4 |  4.2
Shields        | 4 |  4.6
Axes           | 3 |  3.6
Fighting       | 4 |  4.1
Dodging        | |  0.7

Action                   |  1- 3 |  4- 6 || total
-------------------------+-------+-------++-------
Melee: War axe           |   147 |     2 ||   149
       Headbutt          |    21 |       ||    21
  Use: Scroll            |     2 |       ||     2
       Potion            |       |     1 ||     1
  Eat: Bread ration      |     1 |       ||     1
       Meat ration       |       |     1 ||     1
Armor: Scale mail        |    65 |     1 ||    66
Dodge: Dodged            |    52 |     5 ||    57
Block: Shield            |    75 |     7 ||    82
